[Event "Swiss National League-A 2024"]
[Site "Luzern"]
[Date "2024.10.12"]
[Round "8.1"]
[White "Demuth, Adrien"]
[Black "Santos Ruiz, Miguel"]
[Result "1/2-1/2"]
[ECO "A14"]
[WhiteElo "2514"]
[BlackElo "2598"]
[Annotator "TA"]
[PlyCount "60"]
[EventDate "2023.10.03"]
[EventType "team-tourn"]
[EventCountry "SUI"]
[SourceTitle "playchess.com"]
[Source "ChessBase"]
[SourceQuality "1"]
[TimeControl "40/8400+30:20/3000+30:900+30"]

1. Nf3 d5 2. g3 Nf6 3. Bg2 e6 4. O-O Be7 5. c4 O-O 6. b3 c5 7. cxd5 Nxd5 8. Bb2 Nc6 9. d4 cxd4 10. Nxd4 Bd7 11. Nc3 Nxc3 12. Bxc3 Rc8 13. Rc1 {[%emt 0:08:01][%cal Ba1c1,Bc1c2,Bc2b2][%mdl 32] Die Stellung ist ausgeglichen.} Ba3 14. Rc2 Qe7 15. Nxc6 Bxc6 16. Bb2 Bxb2 17. Rxb2 Rfd8 18. Rd2 Bxg2 19. Kxg2 g6 20. e3 Qf6 21. Rxd8+ Rxd8 $11 {[%emt 0:00:16][%mdl 4096] Endspiel. KQR-KQR} 22. Qc2 Kg7 23. Rd1 Rxd1 24. Qxd1 {[%emt 0:00:06] KQ-KQ} Qb2 25. Qd7 Qxa2 26. Qd4+ Kg8 27. Qd8+ Kg7 28. Qd4+ Kg8 29. Qd8+ Kg7 30. Qd4+ Kg8 {[%emt 0:00:02] Hier war wenig los.   Gewichteter Fehlerwert: Weiß=0.01 (makellos) /Schwarz=0.00 (makellos) .  OK:         	Weiß=8     	Schwarz=7} 1/2-1/2

[Event "Swiss National League-A 2024"]
[Site "Luzern"]
[Date "2024.10.12"]
[Round "8.2"]
[White "Georgiadis, Nico"]
[Black "Ragger, Markus"]
[Result "1/2-1/2"]
[ECO "E01"]
[WhiteElo "2518"]
[BlackElo "2584"]
[Annotator "TA"]
[PlyCount "71"]
[EventDate "2023.10.03"]
[EventType "team-tourn"]
[EventCountry "SUI"]
[SourceTitle "playchess.com"]
[Source "ChessBase"]
[SourceQuality "1"]
[TimeControl "40/8400+30:20/3000+30:900+30"]

1. d4 Nf6 2. c4 e6 3. Nf3 d5 4. g3 Nc6 5. Bg2 Rb8 6. b3 dxc4 7. bxc4 Bb4+ 8. Bd2 {[%emt 0:00:17] White has an edge.} Bxd2+ 9. Qxd2 ({Much weaker is} 9. Nbxd2 Nxd4 10. Nxd4 Qxd4 $17) 9... O-O 10. O-O b6 11. Qc3 Re8 12. Nbd2 Qe7 13. e4 e5 14. d5 Na5 {[%emt 0:17:06][%cal Bc6a5,Ba5b7,Bb7d6][%mdl 32] [#]} 15. c5 $1 Nb7 (15... Qxc5 16. Qxc5) 16. c6 Nd6 17. Rfe1 Bg4 18. Nxe5 Qxe5 19. Qxe5 Rxe5 20. f4 Re7 {[%emt 0:09:40][%cal Of6e4] [#] White must now prevent ...Nfxe4!} 21. e5 Nfe8 22. h3 $1 Bf5 23. g4 $1 Bd3 24. exd6 Rxe1+ 25. Rxe1 Nxd6 26. Re3 Bc2 27. Re7 Rc8 28. Bf1 (28. Kf2 $14 {feels stronger.}) 28... b5 29. Kf2 a6 (29... Kf8 $11 {remains equal.} 30. Rd7 h5) 30. Ke3 $16 {[%emt 0:05:17] White has more active pieces.} Kf8 31. Rd7 Re8+ 32. Kd4 Re7 33. Rd8+ Re8 34. Rd7 Re7 35. Kc3 Be4 36. Kd4 {[%emt 0:03:09] Weighted Error Value: White=0.14 (very precise) /Black=0.09 (flawless) .  Mistake:       	White=2     	Black=1      Inaccurate:     	White=3     	Black=2      OK:         	White=10    	Black=15     Best:        	White=3     	Black=5      Strong:       	White=2     	---} (36. Rd8+ $14 {should be considered.} Re8 37. Rxe8+ Kxe8 38. Kd4) 1/2-1/2

[Event "Swiss National League-A 2024"]
[Site "Luzern"]
[Date "2024.10.12"]
[Round "8.3"]
[White "Georgiadis, Ioannis"]
[Black "Kaczmarczyk, Dennis"]
[Result "0-1"]
[ECO "E05"]
[WhiteElo "2484"]
[BlackElo "2463"]
[Annotator "TA"]
[PlyCount "57"]
[EventDate "2023.10.03"]
[EventType "team-tourn"]
[EventCountry "SUI"]
[SourceTitle "playchess.com"]
[Source "ChessBase"]
[SourceQuality "1"]
[TimeControl "40/8400+30:20/3000+30:900+30"]

1. d4 Nf6 2. c4 e6 3. Nf3 d5 4. g3 Be7 5. Bg2 O-O 6. O-O dxc4 7. Qc2 b5 8. a4 b4 9. Ne5 Qxd4 $1 10. Bxa8 {[%emt 0:02:50] The position is equal.} Qxe5 11. Bf4 Qh5 {[%emt 0:15:02] ...Ng4 is the strong threat.} 12. Bf3 (12. Qxc4 Ng4 13. h4 (13. Bxc7 $2 Qxh2#) 13... e5 $17) 12... Ng4 $1 13. Bxg4 (13. Bxc7 $2 Qxh2#) 13... Qxg4 14. Qxc4 e5 $1 15. Qxc7 exf4 (15... Nc6 $6 16. Be3 (16. Bxe5 $2 Qe6 $19) 16... Qe6 17. Rc1 $16 (17. Bxa7 $2 Bd8 $19)) 16. Qxe7 (16. Qxb8 $2 fxg3 (16... Qxe2 17. Qxf4 Bh3 18. Nd2 $17) 17. hxg3 Qxe2 18. Qxa7 Bh3 $19 (18... Qxb2 19. Nd2 $11) (18... Qxb2 19. Nc3 $14)) 16... fxg3 $1 17. Nd2 (17. Qxa7 $2 gxf2+ 18. Kxf2 Re8 $19) (17. hxg3 $2 Nc6 18. Qd6 Nd4 $19) 17... gxf2+ 18. Kxf2 Nc6 {[%emt 0:01:51] The board is on fire.} 19. Qe4 Qd7 20. Nf3 {[%emt 0:03:59] Rfd1 would now be deadly.} Re8 21. Qf4 Bb7 (21... Re6 $11) 22. Rfd1 $1 $14 Qe7 23. Kg3 h6 (23... Qxe2 $2 24. Rd7 Qe6 (24... Qxb2 25. Qxf7+ Kh8 26. Qxe8#) 25. Rxb7 $18) 24. Rac1 (24. h4 $1 $14) 24... g5 $1 $15 (24... Qxe2 $2 25. Re1 $18) 25. Qd2 ({White should try} 25. Qf5 $15 Qe3 (25... Qxe2 $2 26. Re1 $18) 26. Rd7) 25... Qe4 $36 {[%emt 0:05:20][%mdl 2048] Black is really pushing.} (25... Qxe2 $2 26. Re1 $18) 26. Rc5 {[%emt 0:01:40][%mdl 8192] [#] Inhibits Ne5. Now White is beyond hope.} (26. Nxg5 $17 Qe5+ (26... hxg5 27. Qxg5+ Kh7 28. Rc4 $11) 27. Qf4 Qxf4+ (27... Qxg5+ 28. Qxg5+ hxg5 29. Rd7 $17) (27... hxg5 28. Qxe5 Nxe5 29. Rf1 $19) 28. Kxf4 hxg5+ 29. Kxg5 Re5+ (29... Rxe2 30. Rd7 $15) 30. Kh4) 26... Ne5 $1 $19 (26... Qxe2 $2 {perishes.} 27. Re1 $18) 27. Rxe5 {[%emt 0:01:26] Black is winning.} Rxe5 28. Qd8+ {[%emt 0:00:29] [#]} Kh7 $1 {[%emt 0:07:59] Strongly threatening ...Qf4+.} 29. Rd7 $2 {[%emt 0:00:00] Weighted Error Value: White=0.30/Black=0.05 (flawless) .  Loses game:     	White=1     	---        Mistake:       	White=3     	Black=1      OK:         	White=9     	Black=7      Best:        	White=2     	Black=2      Strong:       	White=1     	Black=7} (29. Rd4 $19 Qxe2 30. Qf6 Qxf3+ (30... Bd5 $2 31. Rxd5 Rxd5 32. Qxf7+ Kh8 33. Qxd5 $18) 31. Qxf3 Bxf3 32. Kxf3) 0-1

[Event "Swiss National League-A 2024"]
[Site "Luzern"]
[Date "2024.10.12"]
[Round "8.4"]
[White "Hasenohr, Benedict"]
[Black "Breder, Dennis"]
[Result "0-1"]
[ECO "D06"]
[WhiteElo "2277"]
[BlackElo "2404"]
[Annotator "TA"]
[PlyCount "70"]
[EventDate "2023.10.03"]
[EventType "team-tourn"]
[EventCountry "SUI"]
[SourceTitle "playchess.com"]
[Source "ChessBase"]
[SourceQuality "1"]
[TimeControl "40/8400+30:20/3000+30:900+30"]

1. d4 d5 2. Nf3 Bf5 3. c4 e6 4. Qb3 Nc6 5. Bf4 Nb4 $1 6. Na3 {[%emt 0:01:57] Prevents Nc2+} c6 (6... dxc4 $1 $15 7. Qxc4 c6) 7. c5 $11 a5 8. Bd2 (8. Rc1 $11) 8... b6 $17 9. Rc1 (9. cxb6 $142 a4 (9... Qxb6 10. Nh4 $17) 10. Qd1) 9... Nf6 10. e3 bxc5 11. dxc5 Ne4 12. Bxb4 axb4 13. Qxb4 Bxc5 14. Rxc5 Qe7 15. Rb5 (15. Bb5 $17 O-O 16. Rc4) 15... cxb5 $19 16. Bxb5+ Kf8 17. Qb3 f6 18. Nd4 Bg6 (18... Qc5 $19 {...Qc1+ would now be deadly.} 19. Ke2 Kf7 20. Nxf5 exf5) 19. f3 Nd6 20. Bc6 (20. O-O $17 {was worth a try.}) 20... Rc8 21. f4 (21. Qb6 $142) 21... Nf5 (21... Be8 $142 22. Bxe8 Rc1+ (22... Rxe8 23. Nab5 $17) 23. Ke2 Rxh1) 22. Nab5 Nxd4 (22... Be8 $19 23. Nxf5 exf5 24. Bxe8 Rc1+ (24... Kxe8 25. O-O $11) (24... Qxe8 25. Nd6 $16) (24... Rxe8 25. Kf2 $15) 25. Kf2 Rxh1) 23. Nxd4 $17 Be8 24. Bxe8 Kxe8 (24... Rc1+ $2 25. Ke2 Rxh1 26. Bh5 $19) 25. O-O g6 $1 26. e4 {[%emt 0:00:53] [#]} Qc5 (26... dxe4 27. Nxe6 Qa7+ 28. Kh1 $11) (26... Rc4 $1 $17 27. Qb8+ Qd8 28. Qxd8+ Kxd8 29. Nxe6+ Ke7 30. exd5 Rc2) 27. Qa4+ ({Only move:} 27. Rd1 $1 $15) 27... Ke7 $19 28. exd5 $2 (28. e5 {only move.}) 28... e5 (28... exd5 29. Re1+ Kf8 30. Kh1 $11) 29. fxe5 fxe5 30. d6+ {[%emt 0:04:18] [#]} Kxd6 $2 ({Less strong is} 30... Qxd6 31. Nf3 $17) ({Better is} 30... Kd8 $1 $19 31. b4 Qb6 (31... Qxd4+ $2 32. Kh1 $19) (31... Qxd6 32. Nf3 $11)) 31. Rf6+ $2 (31. Qa6+ $11 Ke7 (31... Kd5 32. Qb7+ Kxd4 33. Rd1+ Kc4+ 34. Kh1 $16) 32. Qf6+ Kd7 33. Qg7+ Kd6 (33... Qe7 $2 34. Rf7 $18) 34. Rf6+ Kd5 35. Qd7+ Ke4 36. Qg4+ Kd5 37. Qd7+ Ke4 38. Qg4+ Kd5 39. Qd7+) 31... Ke7 32. Re6+ Kf8 33. Rf6+ Kg7 34. Rf4 Rhd8 {[%emt 0:01:12] Active counter play!} (34... Rhf8 $142 35. Qd7+ Kh8) 35. Qb3 exf4 {[%emt 0:00:16] Weighted Error Value: White=1.08/Black=0.50.  Loses game:     	White=2     	---        Missed win:     	---       	Black=1      Mistake:       	White=6     	Black=5      Inaccurate:     	White=1     	---        OK:         	White=5     	Black=8      Best:        	White=1     	Black=4      Strong:       	---       	Black=1} 0-1

[Event "Swiss National League-A 2024"]
[Site "Luzern"]
[Date "2024.10.12"]
[Round "8.5"]
[White "Haag, Gregor"]
[Black "Ballmann, Martin"]
[Result "1-0"]
[ECO "A46"]
[WhiteElo "2335"]
[BlackElo "2326"]
[Annotator "RC"]
[PlyCount "57"]
[EventDate "2023.10.03"]
[EventType "team-tourn"]
[EventCountry "SUI"]
[SourceTitle "playchess.com"]
[Source "ChessBase"]
[SourceQuality "1"]
[TimeControl "40/8400+30:20/3000+30:900+30"]

1. d4 e6 2. Nf3 c5 3. g3 Nf6 4. Bg2 Nc6 5. O-O cxd4 6. Nxd4 a6 7. c4 Qc7 8. b3 Nxd4 9. Qxd4 Bc5 10. Qd3 O-O 11. Nc3 d6 12. Bg5 Ng4 13. Ne4 Ne5 14. Qd2 Ba3 15. Rad1 Ng6 16. Nxd6 Rb8 17. b4 h6 18. Be3 Rd8 19. Nb5 Rxd2 20. Nxc7 Rd7 21. Ba7 Rxc7 22. Bxb8 Rxc4 23. Rd8+ Kh7 24. Bd6 b5 25. Bc5 Rxc5 26. bxc5 Ne7 27. Re8 Bxc5 28. Rc1 Bd7 29. Rxe7 1-0

[Event "Swiss National League-A 2024"]
[Site "Luzern"]
[Date "2024.10.12"]
[Round "8.6"]
[White "Georgescu, Lena"]
[Black "Renet, Olivier"]
[Result "1/2-1/2"]
[ECO "C84"]
[WhiteElo "2236"]
[BlackElo "2417"]
[Annotator "TA"]
[PlyCount "75"]
[EventDate "2023.10.03"]
[EventType "team-tourn"]
[EventCountry "SUI"]
[SourceTitle "playchess.com"]
[Source "ChessBase"]
[SourceQuality "1"]
[TimeControl "40/8400+30:20/3000+30:900+30"]

1. e4 e5 2. Nf3 Nc6 3. Bb5 a6 4. Ba4 Nf6 5. O-O d6 6. Re1 Bd7 7. Bxc6 Bxc6 8. d4 Be7 9. Nc3 exd4 10. Nxd4 Bd7 11. Qf3 O-O 12. Bf4 Re8 13. h3 b5 14. Rad1 b4 15. Nce2 c5 16. Nf5 Bxf5 17. exf5 h6 18. g4 Bf8 19. Ng3 Rxe1+ 20. Rxe1 Ra7 21. Kg2 {[%emt 0:21:30] White is more active.} Qa8 22. Rd1 Be7 23. Qxa8+ (23. Bxd6 $2 Qxf3+ 24. Kxf3 Rd7 25. Bxe7 (25. g5 $2 hxg5 26. Bxe7 Rxd1 $19) 25... Rxd1 26. Bxc5 Rd2 27. Bxb4 Rxc2 $19) 23... Rxa8 24. Kf3 (24. Bxd6 $2 {perishes.} Rd8 25. Bxe7 (25. g5 $2 hxg5 26. Bxe7 Rxd1 $19) 25... Rxd1 26. Bxc5 a5 $19) 24... d5 {[%emt 0:00:26] Against Ne4} 25. h4 Rd8 26. Re1 Bf8 27. g5 hxg5 28. hxg5 Ne8 29. b3 Nd6 30. Bxd6 Bxd6 $16 {[%emt 0:00:09][%mdl 4096] Endgame. KRB-KRN} 31. Nh5 Kf8 {[%emt 0:02:06] [#]} (31... c4 $16) 32. f6 $1 $18 gxf6 33. Nxf6 Be7 34. Nh7+ Ke8 35. Nf6+ ({White should try} 35. Re5 $18) 35... Kf8 $14 36. Nh7+ (36. Kf4 $14) 36... Ke8 $18 37. Nf6+ (37. Re5 $18) 37... Kf8 $14 38. Nh7+ {[%emt 0:01:41] Weighted Error Value: White=0.24 (precise) /Black=0.14 (very precise) .  Mistake:       	White=4     	Black=1      Inaccurate:     	White=3     	Black=7      OK:         	White=10    	Black=8      Best:        	---       	Black=3      Strong:       	White=1     	---} (38. Kf4 $14) 1/2-1/2

[Event "Swiss National League-A 2024"]
[Site "Luzern"]
[Date "2024.10.12"]
[Round "8.7"]
[White "Jaeggi, Dorian"]
[Black "Schlegel, Igor"]
[Result "1/2-1/2"]
[ECO "D45"]
[WhiteElo "2313"]
[BlackElo "2242"]
[Annotator "RC"]
[PlyCount "111"]
[EventDate "2023.10.03"]
[EventType "team-tourn"]
[EventCountry "SUI"]
[SourceTitle "playchess.com"]
[Source "ChessBase"]
[SourceQuality "1"]
[TimeControl "40/8400+30:20/3000+30:900+30"]

1. d4 d5 2. c4 e6 3. Nf3 Nf6 4. Nc3 c6 5. e3 Nbd7 6. Be2 Bd6 7. O-O O-O 8. b3 b6 9. Bb2 Bb7 10. Bd3 Qe7 11. e4 dxe4 12. Nxe4 Nxe4 13. Bxe4 Nf6 14. Bc2 c5 15. Qe2 Rad8 16. Rad1 cxd4 17. Bxd4 Bc5 18. Bc3 h6 19. Ne5 Ba8 20. Ng4 Nxg4 21. Qxg4 Qg5 22. Qxg5 hxg5 23. b4 Be7 24. f3 Bf6 25. Bxf6 gxf6 26. Kf2 f5 27. g3 Kg7 28. h4 gxh4 29. gxh4 Kf6 30. Rxd8 Rxd8 31. Rd1 Rh8 32. Bb3 Ke7 33. Ba4 a5 34. Rd7+ Kf6 35. bxa5 bxa5 36. Ra7 Ke5 37. Rxa5+ Kf4 38. Bd1 e5 39. Ra7 Bc6 40. Rc7 Ba8 41. Ra7 Rf8 42. h5 e4 43. fxe4 fxe4 44. h6 e3+ 45. Kf1 Be4 46. c5 f5 47. h7 Ke5 48. Bb3 Bd3+ 49. Ke1 Rh8 50. Bg8 f4 51. Re7+ Kd4 52. Rd7+ Kc3 53. Rf7 f3 54. Rxf3 Bxh7 55. Bxh7 Rxh7 56. Rxe3+ 1/2-1/2

[Event "Swiss National League-A 2024"]
[Site "Luzern"]
[Date "2024.10.12"]
[Round "8.8"]
[White "Gattenloehner, Sebastian"]
[Black "Brunner, Nicolas"]
[Result "1/2-1/2"]
[ECO "B50"]
[WhiteElo "2220"]
[BlackElo "2427"]
[Annotator "TA"]
[PlyCount "62"]
[EventDate "2023.10.03"]
[EventType "team-tourn"]
[EventCountry "SUI"]
[SourceTitle "playchess.com"]
[Source "ChessBase"]
[SourceQuality "1"]
[TimeControl "40/8400+30:20/3000+30:900+30"]

1. e4 c5 2. Nf3 d6 3. c3 Nf6 4. Be2 g6 5. O-O Bg7 6. Bb5+ Bd7 7. Bxd7+ Nbxd7 8. Re1 O-O 9. d4 Rc8 {[%emt 0:00:15] B50: Siciliaans: 2...d6, Gemengd.} 10. d5 {[%emt 0:04:07] Fout (0.6)} (10. Bg5 $11) 10... c4 $15 {[%emt 0:09:55] Beste} 11. Na3 {[%emt 0:18:13] Onnauwkeurig} Ng4 $146 {[%emt 0:06:27] Fout (0.7)} (11... a6 $15) ({Predecessor:} 11... a6 12. Bg5 h6 13. Bh4 Ne5 14. Nxe5 dxe5 15. b3 b5 16. bxc4 Qa5 17. Qb3 bxc4 18. Nxc4 {0-1 Muzychuk,M (2540)-Kulon,K (2319) EU-ch (Women) 19th 2018 (8)}) 12. Bf4 {[%emt 0:09:20] Onnauwkeurig} Nge5 {[%emt 0:06:37] Fout (0.7)} (12... a6 $15) 13. Bxe5 $14 {[%emt 0:04:09] OK} {Zwart zou moeten proberen} Nxe5 {[%emt 0:00:08] Fout (0.5)} (13... Bxe5 $11 14. Qe2 Qc7) 14. Nxe5 Bxe5 15. Qe2 {[%emt 0:01:16][%cal Ra3c4] OK} Qc7 {[%emt 0:00:56] Beste} 16. Rad1 {[%emt 0:01:42] Onnauwkeurig} Qc5 17. Nc2 {[%emt 0:02:33] OK} e6 {Wit zou moeten spelen} 18. Ne3 {[%emt 0:06:49] Fout (0.6)} (18. a4 $14) 18... b5 19. Qg4 Rfe8 {[%emt 0:11:02] Onnauwkeurig} 20. Nc2 {[%emt 0:08:55] Tegen b4. Onnauwkeurig} a5 {[%emt 0:01:29] Onnauwkeurig} 21. a3 {[%emt 0:00:27] OK} Rb8 {[%emt 0:07:03] Onnauwkeurig} 22. dxe6 {[%emt 0:10:00] Fout (0.6)} (22. g3 $14) 22... fxe6 {[%emt 0:00:05] Houdt de partij in balans. Fout (0.7)} (22... Rxe6 $11 23. Rd5 Qc6) {Beter is} 23. Nd4 {[%emt 0:00:21] Fout (0.5)} (23. Re2 $16) 23... b4 $11 {[%emt 0:03:36] OK} 24. axb4 {[%emt 0:09:44] OK} (24. Nxe6 $2 {vergaat.} Qc8 25. f4 bxc3 26. fxe5 cxb2 (26... Rxe6 27. bxc3 Qc5+ 28. Rd4 $11) (26... Qxe6 27. Qxe6+ Rxe6 28. bxc3 $11) 27. exd6 Qxe6 $19 (27... Rxe6 28. d7 $11)) (24. h4 $5 {is scherper.} bxc3 25. bxc3 Bxd4 26. Rxd4 Rb2 27. h5) 24... axb4 {[%emt 0:00:07] Onnauwkeurig} 25. Re3 $2 {[%emt 0:00:14] [#] houdt voordeel. Fout (1.7)} ({Ondeugdelijk is} 25. Nxe6 Qc8 26. f4 bxc3 27. fxe5 (27. bxc3 $2 Bxc3 28. Re3 Bf6 $19) 27... cxb2 (27... Qxe6 28. Qxe6+ Rxe6 29. bxc3 $14) (27... Rxe6 28. bxc3 Qc5+ 29. Rd4 $14) 28. exd6 Qxe6 $17 (28... Rxe6 29. d7 $11)) (25. h4 $14) {Zwart zou moeten spelen} 25... bxc3 {[%emt 0:08:32] Fout (1.2)} (25... Bxd4 $1 $17 26. cxd4 (26. Rxd4 $2 bxc3 27. bxc3 Qxd4 $19) 26... Qc7) 26. bxc3 Bxd4 {[%emt 0:01:40] Beste (Gemakkelijk)} 27. cxd4 (27. Rxd4 $2 Qxd4 28. h4 Rb1+ 29. Kh2 Qd1 30. Qxd1 Rxd1 $19) 27... Qb4 {[%emt 0:03:26] Wit moet nu ...c3 voorkomen.} 28. h4 {[%emt 0:01:09] OK} c3 {[%emt 0:01:33] Dreigt te winnen met ...c2. OK} 29. Rc1 {[%emt 0:02:15] OK} c2 {[%emt 0:06:51] met als doel voor ...Qd2. OK} (29... Qxd4 30. Rexc3 (30. Rcxc3 Rb1+ 31. Kh2 Qd1 $14) 30... Kh8 31. Rc4 $16) 30. Ree1 $2 {[%emt 0:05:23][%mdl 8192] [#] Verliest partij (6.9)} (30. Rxc2 $2 {te hebberig.} Qb1+ (30... Qxd4 31. Rc1 $17) 31. Kh2 Qxc2 $19) (30. Re2 $11) {Zwart kan overwegen} 30... Qd2 $2 {[%emt 0:01:27] Gemiste overwinning (6.8)} (30... Qxd4 31. Rxc2 Qe5 32. Rce2 $14) (30... Qxe1+ $1 $19 31. Rxe1 Rb1 32. Rxb1 (32. Qe2 $2 Rc8 $19) 32... cxb1=Q+ 33. Kh2 Qb2) 31. Qe2 {[%emt 0:00:56] Beste} Qxe2 {[%emt 0:05:36] Blunder waarde: Wit=0.52/Zwart=0.68.  Verliest partij:   	Wit=1      	---        Gemiste overwinning: 	---       	Zwart=1      Fout:        	Wit=5      	Zwart=5      Onnauwkeurig:    	Wit=4      	Zwart=4      OK:         	Wit=7      	Zwart=3      Beste:        	Wit=1      	Zwart=3} 1/2-1/2

[Event "Swiss National League-A 2024"]
[Site "Luzern"]
[Date "2024.10.12"]
[Round "8.9"]
[White "Pelletier, Yannick"]
[Black "Kraemer, Martin"]
[Result "1/2-1/2"]
[ECO "D38"]
[WhiteElo "2528"]
[BlackElo "2571"]
[Annotator "TA"]
[PlyCount "118"]
[EventDate "2023.10.03"]
[EventType "team-tourn"]
[EventCountry "SUI"]
[SourceTitle "playchess.com"]
[Source "ChessBase"]
[SourceQuality "1"]
[TimeControl "40/8400+30:20/3000+30:900+30"]

1. d4 Nf6 2. c4 e6 3. Nf3 d5 4. Nc3 Bb4 5. cxd5 exd5 6. Bg5 h6 7. Bh4 O-O 8. Rc1 Bf5 9. e3 Nbd7 {[%emt 0:00:54][%cal Bb8d7,Bd7f6,Bf6e4][%mdl 32] The position is equal.} 10. Bd3 Bxd3 11. Qxd3 c6 12. O-O Re8 13. Qf5 g6 14. Bxf6 Nxf6 15. Qh3 Kg7 16. Ne5 Qc8 17. Qxc8 Raxc8 18. Nd3 Bxc3 19. Rxc3 Ne4 20. Rc2 a5 21. f3 Nd6 22. Kf2 h5 23. g3 g5 24. h3 Re7 25. Re2 f6 26. h4 g4 27. fxg4 hxg4 28. Kg2 Nc4 29. Rfe1 Rce8 30. Kf2 $1 Nd6 31. Kg2 Nf5 {[%emt 0:07:06][%cal Of5d4] [#] Strongly threatening ...Nxd4!} 32. Kf2 $1 a4 ({Don't go for} 32... Rxe3 $2 33. Rxe3 Nxe3 34. Rxe3 $18) 33. Nc5 Ra8 $1 34. a3 Kf7 35. Rd1 Nd6 36. Rde1 f5 37. Rc1 Kf6 38. Rf1 Nc4 39. Rc1 Nd6 ({Black should play} 39... Rae8 $17 40. Rce1 b5) 40. Nd3 (40. Rf1 $1 $11) 40... Rae8 $17 {[%emt 0:02:15] [#] aiming for ...Ne4+.} 41. Rce1 Kg7 42. Kg2 Nc4 43. Kf2 Ra8 44. Rc1 Ra5 45. Nc5 Nd6 46. Kg2 Kg6 47. Rcc2 Ra8 48. Kf2 Ne4+ 49. Kg2 Nd6 50. Kf2 $1 Kf6 51. Rc1 Rf7 52. Nd3 Nc4 53. Nc5 Nd6 54. Nd3 $1 Rc7 55. Kg2 Re7 56. Kf2 $1 Ne4+ 57. Kg2 Rae8 {[%emt 0:00:11][%cal Oe4g3] ...Nxg3! would now be deadly.} 58. Rce1 Kg7 59. Rd1 Nd6 {[%emt 0:03:21] Weighted Error Value: White=0.07 (flawless) /Black=0.10 (very precise) .  Mistake:       	White=1     	Black=2      Inaccurate:     	White=4     	Black=3      OK:         	White=11    	Black=16     Best:        	White=1     	Black=1      Strong:       	White=5     	Black=1} ({Better is} 59... Rf8 $15) 1/2-1/2